 Dungeon Crawl Stone Soup version 0.28.0-53-g5a82cb258f (webtiles) character file.

Game seed: 5107336617754385403

6114 DocClef the Brawler (level 10, 0/79 HPs)
             Began as a Troll Fighter on June 26, 2022.
             Was a Follower of Hepliaklqana.
             Slain by Psyche
             ... wielding a +3 dagger of chaos
              (2 damage)
             ... on level 8 of the Dungeon.
             The game lasted 00:12:07 (6102 turns).

DocClef the Brawler (Troll Fighter)                 Turns: 6102, Time: 00:12:08

Health: 0/79       AC: 10    Str: 30    XL:     10   Next: 58%
Magic:  9/9        EV:  8    Int:  4    God:    Hepliaklqana [*.....]
Gold:   522        SH:  7    Dex:  9    Spells: 9/9 levels left

rFire   . . .      SeeInvis .     - Unarmed
rCold   + . .      Faith    .   b - +0 kite shield
rNeg    . . .      Spirit   .   D - +0 steam dragon scales
rPois   .          Reflect  .   (helmet restricted)
rElec   .          Harm     .   d - +1 cloak
rCorr   .          Rampage  .   (gloves unavailable)
Will    .....                   (boots unavailable)
Stlth   +.........              (no amulet)
HPRegen 1.83/turn               h - ring of protection from cold
MPRegen 0.11/turn               K - +4 ring of protection

@: no status effects
A: reduced essence, large, unfitting armour, claws 3, regeneration 2, shaggy fur
1, tough skin 1, deformed body, subdued magic 2
a: Renounce Religion, Recall Ancestor, Ancestor Identity


You were on level 8 of the Dungeon.
You worshipped Hepliaklqana.
Hepliaklqana was aware of your devotion.
You visited 2 branches of the dungeon, and saw 10 of its levels.

You collected 522 gold pieces.

Inventory:

Missiles
 e - a throwing net (quivered)
Armour
 a - a +1 robe
 b - a +0 kite shield (worn)
 d - a +1 cloak (worn)
 D - +0 steam dragon scales (worn)
 L - a +2 cloak of stealth
Jewellery
 h - a ring of protection from cold (left claw)
 k - a ring of positive energy
 K - a +4 ring of protection (right claw)
 N - a +6 ring of strength
Wands
 i - a wand of iceblast (17)
 q - a wand of polymorph (8)
 C - a wand of flame (11)
 E - a wand of paralysis (6)
 G - a wand of digging (3)
 H - a wand of mindburst (7)
 J - a wand of acid (6)
 M - a wand of charming (2)
Scrolls
 f - 2 scrolls of enchant armour
 j - 3 scrolls of enchant weapon {unknown}
 l - 2 scrolls of amnesia {unknown}
 m - 7 scrolls of teleportation {unknown}
 n - 11 scrolls of identify {unknown}
 r - 2 scrolls of vulnerability {unknown}
 t - a scroll of holy word {unknown}
 u - 2 scrolls of blinking {unknown}
 w - a scroll of fog {unknown}
 y - a scroll of magic mapping {unknown}
 z - a scroll of noise {unknown}
 B - a scroll of summoning {unknown}
Potions
 c - 3 potions of might
 g - 3 potions of curing
 o - 2 potions of degeneration
 p - 4 potions of lignification {unknown}
 s - 2 potions of cancellation
 v - 5 potions of heal wounds {unknown}
 x - a potion of magic {unknown}
 A - a potion of flight {unknown}
 F - a potion of mutation
 I - a potion of invisibility {unknown}


   Skills:
 - Level 2.4 Fighting
 - Level 2.4 Dodging
 - Level 2.4 Shields
 + Level 15.8 Unarmed Combat


You had 9 spell levels left.
You didn't know any spells.
Your spell library contained the following spells:

 Spells                   Type           Power      Damage    Failure   Level
 Foxfire                  Conj/Fire      0%         2x1d4     73%         1
 Scorch                   Fire           0%         2d5       87%         2
 Sublimation of Blood     Necr           0%         N/A       87%         2
 Conjure Flame            Conj/Fire      0%         6-21      98%         3
 Gell's Gravitas          Tloc           0%         N/A       98%         3
 Inner Flame              Hex/Fire       0%         N/A       98%         3
 Lesser Beckoning         Tloc           0%         N/A       98%         3
 Teleport Other           Tloc           0%         N/A       98%         3
 Airstrike                Air            0%         N/A       100%        4
 Animate Dead             Necr           0%         N/A       100%        4
 Flame Wave               Conj/Fire      0%         2d4       100%        4
 Petrify                  Tmut/Erth      0%         N/A       100%        4
 Summon Lightning Spire   Summ/Air       0%         N/A       100%        4
 Borgnjor's Vile Clutch   Necr/Erth      0%         N/A       100%        5
 Irradiate                Conj/Tmut      0%         3d13      100%        5
 Lightning Bolt           Conj/Air       0%         1d11      100%        5
 Death Channel            Necr           0%         N/A       100%        6
 Dispersal                Tloc           0%         N/A       100%        6
 Summon Cactus Giant      Summ           0%         N/A       100%        6


Dungeon Overview and Level Annotations

Branches:
Dungeon (9/15)             Temple (1/1) D:6            Lair (0/6) D:9
    Orc (0/2) D:9

Altars:
Ashenzari
Cheibriados
Dithmenos
Elyvilon
Fedhas
Gozag
Hepliaklqana
Kikubaaqudgha
Makhleb
Nemelex Xobeh
Okawaru
Qazlal
Ru
Sif Muna
Trog
Uskayaw
Vehumet
Wu Jian
Yredelemnul
Zin
The Shining One

Annotations:
D:8 Psyche


Innate Abilities, Weirdness & Mutations

Your life essence is reduced to manifest your ancestor. (-10% HP)
You are too large for most types of armour.
You have claws for hands.
You heal very quickly.
You are covered in fur. (AC +1)
You have tough skin. (AC +1)
Armour fits poorly on your strangely shaped body.
Your spells are easier to cast, but less powerful.


Message History

You barely miss the orc warrior.
The orc warrior is almost dead.
The orc warrior hits you but does no damage.
You mangle the orc warrior!!
You kill the orc warrior!
You block the orc priest's attack.
You barely miss the orc priest. The orc hits you with a +0 falchion.
The orc closely misses you.
You barely miss the orc priest. The orc hits you with a +0 falchion.
The orc priest calls down the wrath of Beogh upon you.
Beogh smites you!
* * * LOW HITPOINT WARNING * * *
The orc priest looks encouraged for a moment.
The orc barely misses you.
Unknown command.
You mangle the orc priest!!
You kill the orc priest!
The orc hits you but does no damage.
The orc priest begins to cast a cantrip, but forgets the words!
The orc hits you but does no damage.
Unknown command.
You scratch the orc.
The orc is lightly wounded.
Something hits you.
* * * LOW HITPOINT WARNING * * *
Something tries to affect you, but you resist.
The orc hits you but does no damage.
Unknown command.
You mangle the orc!!
You kill the orc!
Something hits you.
* * * LOW HITPOINT WARNING * * *
You block the orc's attack.
Unknown command.
You completely miss something.
The orc priest calls down the wrath of Beogh upon you.
Something hits you!
* * * LOW HITPOINT WARNING * * *
Something freezes you.
You die...

.. . #### . ....# #. .....
####.#### #....## .......o#
...... ......o.##......
......)@)....#
P...P..#####.....#
....P..####.....###..
._...................
......#.......####...
PPP.....##.....## .
........##......#.. .......
PP.P.....##............... .
.............########....##.


You could see an orc priest and an orc.

Vanquished Creatures
  A two-headed ogre (D:8)
  An ugly thing (D:8)
  Maurice (D:9)
  Maggie (D:7)
  2 kobold demonologists (D:9)
  4 yaks (D:9)
  Menkaure (D:6)
  4 water moccasins
  A hornet zombie (D:7)
  3 black bears (D:9)
  An ice beast (D:7)
  4 orc warriors
  A sky beast (D:5)
  A centaur (D:9)
  2 bullfrogs
  A gnoll sergeant (D:6)
  2 scorpions (D:5)
  2 water moccasin skeletons
  4 wights (D:9)
  A howler monkey (D:4)
  2 bullfrog zombies
  3 bullfrog skeletons
  A hound (D:4)
  2 jellies (D:6)
  2 centaur zombies
  5 orc priests
  A centaur skeleton (D:5)
  13 orc wizards
  2 iguanas
  2 hound skeletons
  A howler monkey zombie (D:8)
  10 gnolls
  4 adders
  A white imp (D:6)
  An ufetubus (D:7)
  A worm (D:2)
  4 dart slugs
  36 orcs
  5 bats
  8 endoplasms
  2 giant cockroaches (D:4)
  11 goblins
  5 hobgoblins
  9 kobolds
  2 quokkas
  6 ball pythons
  2 frilled lizards
  4 rats
183 creatures vanquished.

Vanquished Creatures (collateral kills)
  A water moccasin (D:9)
  A kobold brigand (D:9)
  A scorpion (D:9)
  A wight (D:9)
  An orc (D:9)
5 creatures vanquished.

Vanquished Creatures (others)
  An ancestor (D:8)
  An orc wizard (D:7)
  A bat (D:3)
  41 fungi (D:9)
  41 plants
85 creatures vanquished.

Grand Total: 273 creatures vanquished

Notes
Turn   | Place    | Note
-------+----------+-------------------------------------------
     0 | D:1      | DocClef the Troll Fighter began the quest for the Orb.
     0 | D:1      | Reached XP level 1. HP: 22/22 MP: 0/0
   140 | D:1      | Reached XP level 2. HP: 29/29 MP: 1/1
   194 | D:1      | Found a faded altar of an unknown god.
   259 | D:1      | Reached skill level 3 in Unarmed Combat
   851 | D:2      | Reached XP level 3. HP: 32/36 MP: 2/2
   863 | D:2      | Reached skill level 4 in Unarmed Combat
   959 | D:2      | Reached XP level 4. HP: 44/44 MP: 3/3
  1652 | D:3      | Reached skill level 5 in Unarmed Combat
  1659 | D:3      | Reached XP level 5. HP: 12/50 MP: 4/4
  1809 | D:3      | Found an ancient bone altar of Kikubaaqudgha.
  1980 | D:3      | Found a basalt altar of Yredelemnul.
  1993 | D:3      | Found a glowing golden altar of the Shining One.
  1995 | D:3      | Noticed an angel
  2400 | D:4      | Reached skill level 6 in Unarmed Combat
  2526 | D:4      | Reached XP level 6. HP: 55/59 MP: 5/5
  2691 | D:4      | Reached skill level 7 in Unarmed Combat
  2913 | D:4      | Reached XP level 7. HP: 31/66 MP: 6/6
  3180 | D:5      | Entered Level 5 of the Dungeon
  3223 | D:5      | Reached skill level 8 in Unarmed Combat
  3299 | D:5      | Reached skill level 9 in Unarmed Combat
  3305 | D:5      | Gained mutation: You have hidden genetic defects. [potion
                  | of mutation]
  3305 | D:5      | Gained mutation: Your spells are a little easier to cast,
                  | but a little less powerful. [potion of mutation]
  3305 | D:5      | Gained mutation: You heal very quickly. [potion of
                  | mutation]
  3305 | D:5      | HP: 2/66 [orc/+0 hand axe (2)]
  3493 | D:5      | Found a blossoming altar of Fedhas.
  3551 | D:5      | Gained mutation: Your spells are easier to cast, but less
                  | powerful. [hidden defects]
  3579 | D:5      | Reached XP level 8. HP: 51/74 MP: 7/7
  3610 | D:5      | Gained mutation: Armour fits poorly on your strangely
                  | shaped body. [hidden defects]
  3610 | D:5      | Lost mutation: You have hidden genetic defects. [hidden
                  | defects expressed]
  3869 | D:6      | Reached skill level 10 in Unarmed Combat
  3918 | D:6      | Found a broken altar of Ashenzari.
  4072 | D:6      | Found a staircase to the Ecumenical Temple.
  4100 | Temple   | Entered the Ecumenical Temple
  4162 | Temple   | Became a worshipper of Hepliaklqana the Forgotten
  4445 | D:6      | Found a shimmering blue altar of Sif Muna.
  4570 | D:7      | Reached skill level 11 in Unarmed Combat
  4613 | D:7      | Noticed Menkaure
  4656 | D:6      | Killed Menkaure
  4933 | D:7      | Noticed Maggie
  4971 | D:7      | Killed Maggie
  4972 | D:7      | Reached skill level 12 in Unarmed Combat
  4972 | D:7      | Reached XP level 9. HP: 18/80 MP: 8/8
  5316 | D:8      | Noticed a two-headed ogre
  5323 | D:9      | Noticed a kobold demonologist
  5334 | D:9      | Killed a kobold demonologist
  5335 | D:9      | Noticed a kobold demonologist
  5351 | D:9      | Noticed a rust devil
  5364 | D:9      | Killed a kobold demonologist
  5365 | D:9      | Reached skill level 13 in Unarmed Combat
  5404 | D:9      | Found a sparkling altar of Nemelex Xobeh.
  5466 | D:9      | Reached * piety under Hepliaklqana
  5608 | D:9      | Found a staircase to the Orcish Mines.
  5624 | D:9      | Reached skill level 14 in Unarmed Combat
  5674 | D:9      | Reached XP level 10. HP: 46/79 MP: 9/9
  5759 | D:9      | Found a staircase to the Lair.
  5759 | D:9      | Noticed Maurice
  5775 | D:9      | Killed Maurice
  5783 | D:9      | Reached skill level 15 in Unarmed Combat
  5988 | D:8      | Noticed a green ugly thing
  5996 | D:8      | Killed a green ugly thing
  6063 | D:8      | Killed a two-headed ogre
  6067 | D:8      | Found an iron altar of Okawaru.
  6092 | D:8      | Noticed Psyche
  6102 | D:8      | HP: 2/79 [something (8)]
  6102 | D:8      | Slain by Psyche

Illustrated notes

Levels and vault maps discovered:
D:1:      sevenhm_arrival_forest_fort_large_4, layout_basic,
          dreamdust_ecumenical_altar_statues
D:2:      layout_basic, minmay_fountain_box
D:3:      layout_loops_ring, mainiacjoe_overflow_catwalk,
          grunt_temple_overflow_holy_war
D:4:      minmay_spotlight, layout_basic
D:5:      layout_cave_pools, fedhas_altar_1, eino_tiny_chamber, minivault_25
D:6:      layout_basic, lemuel_blue_sif_altar, lemuel_crystal_altar,
          minmay_temple_entry_gardened_gates
D:7:      layout_rooms, chequers_serial_rivers_small_b,
          minmay_misc_feat_encased, uniq_menkaure, uniq_maggie
D:8:      layout_cave_pools, mainiacjoe_overflow_cross_hatched,
          lemuel_round_altar, small_chamber_with_monster, uniq_psyche
D:9:      layout_small_grid, nemelex_diamond_rough_becter,
          due_lair_maze_entry_diamond, orc_0_dummy, uniq_maurice
Temple:   cyrus_circular_temple

Skill      XL: |  1  2  3  4  5  6  7  8  9 10 |
---------------+-------------------------------+-----
Unarmed Combat | 3 4 5 6 7 9 12 14 15 | 15.8
Fighting       | |  2.4
Dodging        | |  2.4
Shields        | |  2.4

Action                   |  1- 3 |  4- 6 |  7- 9 | 10-12 || total
-------------------------+-------+-------+-------+-------++-------
Melee: Unarmed           |    77 |   142 |   275 |    63 ||   557
  Use: Scroll            |     3 |       |       |       ||     3
       Potion            |       |       |     5 |       ||     5
 Stab: Sleeping          |       |     1 |     1 |       ||     2
Armor: Robe              |    20 |    43 |    47 |       ||   110
       Steam dragon scal |       |       |    25 |    16 ||    41
Dodge: Dodged            |    29 |    40 |    71 |    10 ||   150
Block: Kite shield       |    28 |    47 |    87 |    18 ||   180
